 Dungeon Crawl Stone Soup version 0.29.0-4-gdea44cf6ec (webtiles) character file.

Game seed: 2141937102216742752

1534 qw the Grappler (level 8, -2/68 HPs)
             Began as a Ghoul Fire Elementalist on Aug 29, 2022.
             Slain by a steam dragon (8 damage)
             ... on level 6 of the Dungeon.
             The game lasted 00:05:03 (7340 turns).

qw the Grappler (Ghoul Fire Elementalist)           Turns: 7340, Time: 00:05:04

Health: -2/68      AC: 11    Str: 14    XL:     8   Next: 86%
Magic:  9/9        EV:  6    Int: 10    God:
Gold:   155        SH:  0    Dex:  9    Spells: 9/10 levels left

rFire   + . .      SeeInvis .     - Unarmed
rCold   + . .      Faith    .   (no shield)
rNeg    + + +      Spirit   .   i - +0 chain mail
rPois   inf        Reflect  .   (no helmet)
rElec   .          Harm     .   (no cloak)
rCorr   .          Rampage  .   h - +2 pair of gloves
Will    .....                   (no boots)
Stlth   ..........              (no amulet)
HPRegen 0.00/turn               a - ring of protection from fire
MPRegen 0.11/turn               (no ring)

@: inhibited regen
A: claws 1, cold resistance 1, negative energy resistance 3, inhibited
regeneration, torment resistance 2, devour on kill
a: no special abilities


You were on level 6 of the Dungeon.
You visited 2 branches of the dungeon, and saw 7 of its levels.

You collected 299 gold pieces.
You spent 144 gold pieces at shops.


Innate Abilities, Weirdness & Mutations

You are immune to poison.
You have sharp fingernails.
Your flesh is cold resistant. (rC+)
You are immune to negative energy. (rN+++)
You do not regenerate when monsters are visible.
You are immune to unholy pain and torment.
You thrive by killing the living.


   Skills:
 - Level 5.1 Fighting
 - Level 1.8 Throwing
 - Level 2.1 Armour
 - Level 1.7 Dodging
 - Level 2.1 Stealth
 + Level 9.6 Unarmed Combat
 - Level 1.7 Spellcasting
 - Level 0.7 Conjurations
 - Level 2.4 Fire Magic


You had 9 spell levels left.
You knew the following spells:

 Your Spells              Type           Power      Damage    Failure   Level
a - Foxfire               Conj/Fire      16%        2x1d4     99%         1

Your spell library contained the following spells:

 Spells                   Type           Power      Damage    Failure   Level
 Scorch                   Fire           10%        2d6       99%         2
 Conjure Flame            Conj/Fire      4%         6-21      100%        3
 Inner Flame              Hex/Fire       3%         N/A       100%        3
 Flame Wave               Conj/Fire      4%         2d5       100%        4

Inventory:

Missiles
 j - 2 boomerangs (quivered)
Armour
 f - a +2 scale mail of cold resistance
 h - a +2 pair of gloves (worn)
 i - a +0 chain mail (worn)
Jewellery
 a - a ring of protection from fire (left hand)
 b - an amulet of guardian spirit
Scrolls
 g - a scroll of identify
 m - 3 scrolls of enchant armour
Potions
 c - a potion of might
 d - 3 potions of curing
 n - a potion of degeneration {unknown}
 o - a potion of resistance

Dungeon Overview and Level Annotations

Branches:
Dungeon (6/15)             Temple (1/1) D:6

Altars:
Ashenzari
Cheibriados
Dithmenos
Fedhas
Gozag
Hepliaklqana
Kikubaaqudgha
Nemelex Xobeh
Qazlal
Sif Muna
Trog
Uskayaw
Vehumet
Wu Jian
Xom
Yredelemnul

Shops:
D:4 *


Message History

The steam dragon bites you but does no damage.
The steam dragon barely misses you.
You closely miss the steam dragon.
The steam dragon is moderately wounded.
The steam dragon bites you. The steam dragon claws you.
You closely miss the steam dragon.
You punch the steam dragon, but do no damage.
The steam dragon is moderately wounded.
You barely miss the steam dragon.
The steam dragon is moderately wounded.
The steam dragon barely misses you.
The steam dragon claws you but does no damage.
You punch the steam dragon! Your punch misses the steam dragon.
The steam dragon is heavily wounded.
The steam dragon breathes steam at you. The ball of steam hits you! You resist.
You closely miss the steam dragon.
The steam dragon is heavily wounded.
The steam dragon bites you. The steam dragon closely misses you.
You barely miss the steam dragon.
The steam dragon is heavily wounded.
The steam dragon bites you! The steam dragon claws you.
You punch the steam dragon!
The steam dragon is almost dead.
The steam dragon breathes steam at you. The ball of steam hits you. You resist.
You barely miss the steam dragon.
The steam dragon is almost dead.
You hit the steam dragon but do no damage.
The steam dragon is almost dead.
The steam dragon bites you but does no damage.
The steam dragon claws you but does no damage.
You barely miss the steam dragon.
The steam dragon is almost dead.
The steam dragon bites you!
The steam dragon claws you but does no damage.
You barely miss the steam dragon.
The steam dragon is almost dead.
The steam dragon bites you!
You die...

######### #######...#
#.(.....# #.........#
#.......# #.........#
#.......#
#.........####.......##
#.........'..'........#
#.......¤.####........#
#.........#..'........#
..$...D@¤¤¤>##........#
#########.#.##........#
#.#.##........#
#.#.##........#
#.#.##........#
#########
#...##........#
........#
#.#########'#.#
........# ..# #####.#.#
...(....# # ......#.#


You could see a steam dragon (catching breath).

Vanquished Creatures
  Grinder (D:6)
  Sigmund (D:3)
  Edmund (D:6)
  4 ice beasts
  A sky beast (D:6)
  An ogre (D:6)
  A centaur (D:5)
  A scorpion (D:5)
  An orc priest (D:6)
  4 hounds
  An orc wizard (D:6)
  2 iguanas
  10 adders
  A shadow imp (D:5)
  A white imp (D:5)
  3 worms
  2 dart slugs (D:1)
  4 orcs
  6 bats
  8 endoplasms
  3 giant cockroaches
  6 hobgoblins
  3 jackals (D:2)
  A quokka (D:1)
  4 ball pythons
  4 frilled lizards (D:1)
  5 goblins
  6 kobolds
  4 rats
90 creatures vanquished.

Notes
Turn   | Place    | Note
-------+----------+-------------------------------------------
     0 | D:1      | qw the Ghoul Fire Elementalist began the quest for the Orb.
     0 | D:1      | Reached XP level 1. HP: 14/14 MP: 2/2
     0 | D:1      | 0 ||| qw: Version: 0.1-a-90-g952f4b7
     0 | D:1      | 0 ||| qw: Game counter: 4188
     0 | D:1      | 0 ||| qw: Always use a shield: true
     0 | D:1      | 0 ||| qw: God list: Okawaru
     0 | D:1      | 0 ||| qw: Allow faded altars: false
     0 | D:1      | 0 ||| qw: Do Orc after D:15 true
     0 | D:1      | 0 ||| qw: Do second Lair branch before Depths: true
     0 | D:1      | 0 ||| qw: Lair rune preference: random
     0 | D:1      | 0 ||| qw: Plans: Normal
     0 | D:1      | 0 ||| PLANNING D:1-11
   396 | D:1      | Reached skill level 1 in Unarmed Combat
   490 | D:1      | 490 ||| Stepping ~*~*~tactically~*~*~ (stealth).
   492 | D:1      | 492 ||| Stepping ~*~*~tactically~*~*~ (stealth).
   495 | D:1      | 495 ||| Stepping ~*~*~tactically~*~*~ (stealth).
   504 | D:1      | 504 ||| Stepping ~*~*~tactically~*~*~ (stealth).
   511 | D:1      | Reached skill level 1 in Fighting
   511 | D:1      | Reached XP level 2. HP: 21/23 MP: 3/3
   517 | D:1      | 517 ||| Stepping ~*~*~tactically~*~*~ (hiding).
   521 | D:1      | 521 ||| Stepping ~*~*~tactically~*~*~ (outnumbered).
   523 | D:1      | 523 ||| Stepping ~*~*~tactically~*~*~ (hiding).
   540 | D:1      | 540 ||| Stepping ~*~*~tactically~*~*~ (stealth).
   558 | D:1      | 558 ||| Stepping ~*~*~tactically~*~*~ (stealth).
   559 | D:1      | 559 ||| Stepping ~*~*~tactically~*~*~ (stealth).
   560 | D:1      | 560 ||| Stepping ~*~*~tactically~*~*~ (stealth).
   561 | D:1      | 561 ||| Stepping ~*~*~tactically~*~*~ (stealth).
   562 | D:1      | 562 ||| Stepping ~*~*~tactically~*~*~ (stealth).
   566 | D:1      | 566 ||| Stepping ~*~*~tactically~*~*~ (stealth).
   588 | D:1      | 588 ||| Stepping ~*~*~tactically~*~*~ (stealth).
   623 | D:1      | Reached skill level 2 in Unarmed Combat
   625 | D:1      | 625 ||| Stepping ~*~*~tactically~*~*~ (stealth).
   632 | D:1      | 632 ||| Stepping ~*~*~tactically~*~*~ (stealth).
   691 | D:1      | 691 ||| Stepping ~*~*~tactically~*~*~ (stealth).
   693 | D:1      | 693 ||| Stepping ~*~*~tactically~*~*~ (stealth).
   704 | D:1      | 704 ||| Stepping ~*~*~tactically~*~*~ (stealth).
   705 | D:1      | 705 ||| Stepping ~*~*~tactically~*~*~ (stealth).
   723 | D:1      | 723 ||| Stepping ~*~*~tactically~*~*~ (stealth).
   938 | D:1      | Reached XP level 3. HP: 28/28 MP: 4/4
  1312 | D:1      | 1312 ||| Stepping ~*~*~tactically~*~*~ (hiding).
  1566 | D:1      | 1566 ||| UPGRADING to +0 leather armour.
  1576 | D:1      | 1576 ||| DROPPING +0 robe.
  1577 | D:1      | 1577 ||| READING 3 scrolls labelled JEDEINKISME.
  1578 | D:1      | 1578 ||| READING scroll labelled JISYJEHOTI.
  1579 | D:1      | 1579 ||| DROPPING potion of magic.
  1650 | D:2      | 1650 ||| Stepping ~*~*~tactically~*~*~ (stealth).
  1658 | D:2      | Reached skill level 3 in Unarmed Combat
  1922 | D:2      | Reached XP level 4. HP: 22/35 MP: 5/5
  2037 | D:2      | You fall into a shaft and drop 1 floor!
  2261 | D:3      | 2261 ||| UPGRADING to +2 leather armour of fire resistance.
  2271 | D:3      | 2271 ||| DROPPING +0 leather armour.
  2272 | D:3      | 2272 ||| UPGRADING to ring of protection from fire.
  2273 | D:3      | 2273 ||| DRINKING 2 fuming purple potions.
  2293 | D:2      | Reached skill level 4 in Unarmed Combat
  2355 | D:2      | Identified the +7 spear "Qagouck" {elec, *Noise rPois MP+9}
  2698 | D:2      | 2698 ||| READING scroll labelled OLAEXA CAKKE.
  2699 | D:2      | 2699 ||| READING scroll labelled LOEPTE ASMOZE.
  3251 | D:3      | Noticed Sigmund
  3252 | D:3      | 3252 ||| Stepping ~*~*~tactically~*~*~ (hiding).
  3354 | D:3      | 3354 ||| Stepping ~*~*~tactically~*~*~ (hiding).
  3468 | D:3      | Killed Sigmund
  3469 | D:3      | Reached skill level 5 in Unarmed Combat
  3469 | D:3      | Reached XP level 5. HP: 41/41 MP: 6/6
  3469 | D:3      | Reached XP level 6. HP: 48/48 MP: 7/7
  3615 | D:3      | Found a faded altar of an unknown god.
  3783 | D:3      | 3783 ||| UPGRADING to +0 pair of gloves.
  3788 | D:3      | 3788 ||| READING 2 scrolls of enchant armour.
  3788 | D:3      | 3788 ||| ENCHANTING +0 pair of gloves.
  3789 | D:3      | 3789 ||| READING scroll of enchant armour.
  3789 | D:3      | 3789 ||| ENCHANTING +1 pair of gloves.
  3790 | D:3      | 3790 ||| READING 3 scrolls labelled HUAGGOFU QUUNT.
  3793 | D:3      | 3793 ||| DRINKING 2 fizzy silvery potions.
  3848 | D:4      | Reached skill level 6 in Unarmed Combat
  3997 | D:4      | Found Fiume's Assorted Antiques.
  4007 | D:4      | 4007 ||| BUYING 2 black potions (55 gold).
  4007 | D:4      | Bought 2 black potions for 55 gold pieces
  4007 | D:4      | 4007 ||| BUYING fizzy orange potion (27 gold).
  4007 | D:4      | Bought a fizzy orange potion for 27 gold pieces
  4007 | D:4      | 4007 ||| SHOPLISTING ring mail (124 gold, have 102).
  4007 | D:4      | 4007 ||| SHOPLISTING runed helmet (232 gold, have 102).
  4007 | D:4      | 4007 ||| BUYING scroll of identify (62 gold).
  4007 | D:4      | Bought a scroll of identify for 62 gold pieces
  4539 | D:4      | 4539 ||| READING scroll labelled KOTHAO YTSOYL.
  4540 | D:4      | 4540 ||| READING scroll labelled ZET LINNONWAO.
  4541 | D:4      | 4541 ||| DRINKING 4 black potions.
  4542 | D:4      | 4542 ||| READING 3 scrolls of identify.
  4542 | D:4      | 4542 ||| IDENTIFYING fizzy pink potion
  4543 | D:4      | 4543 ||| READING 2 scrolls of identify.
  4543 | D:4      | 4543 ||| IDENTIFYING smoky white potion
  4544 | D:4      | 4544 ||| DROPPING potion of flight.
  4545 | D:4      | 4545 ||| DROPPING potion of invisibility.
  4578 | D:5      | Entered Level 5 of the Dungeon
  4627 | D:5      | Noticed an ice beast
  4647 | D:5      | Killed an ice beast
  4648 | D:5      | Reached skill level 3 in Fighting
  4683 | D:5      | Identified the +4 rapier of Zyumaduk {spect, Drain Int+9
                  | Dex+2}
  4692 | D:5      | 4692 ||| Stepping ~*~*~tactically~*~*~ (stealth).
  4712 | D:5      | HP: 2/51 [iguana (12)]
  4713 | D:5      | 4713 ||| READING 2 scrolls of teleportation.
  4714 | D:5      | 4714 ||| DRINKING 2 potions of heal wounds.
  4964 | D:5      | Reached XP level 7. HP: 42/57 MP: 8/8
  5057 | D:5      | Reached skill level 7 in Unarmed Combat
  5126 | D:5      | 5126 ||| Stepping ~*~*~tactically~*~*~ (stealth).
  5180 | D:5      | Reached skill level 1 in Throwing
  5612 | D:5      | 5612 ||| UPGRADING to +0 ring mail.
  5622 | D:5      | 5622 ||| DRINKING 2 smoky golden potions.
  5623 | D:5      | 5623 ||| READING 2 scrolls of identify.
  5623 | D:5      | 5623 ||| IDENTIFYING fizzy orange potion
  5624 | D:5      | 5624 ||| DROPPING potion of ambrosia.
  5718 | D:6      | Noticed Edmund
  5744 | D:6      | HP: 13/57 [Edmund/+0 flail of protection (7)]
  5745 | D:6      | 5745 ||| READING scroll of teleportation.
  5746 | D:6      | 5746 ||| DRINKING potion of heal wounds.
  5754 | D:6      | HP: 5/57 [iguana (11)]
  5755 | D:6      | HP: 2/57 [iguana (3)]
  6089 | D:6      | Noticed Grinder
  6119 | D:6      | Paralysed by Grinder for 3 turns
  6120 | D:6      | HP: 14/57 [Grinder (2)]
  6127 | D:6      | Reached skill level 8 in Unarmed Combat
  6127 | D:6      | Reached XP level 8. HP: 10/64 MP: 9/9
  6127 | D:6      | 6127 ||| Stepping ~*~*~tactically~*~*~ (hiding).
  6128 | D:6      | 6128 ||| Stepping ~*~*~tactically~*~*~ (hiding).
  6131 | D:6      | HP: 7/64 [Grinder (4)]
  6133 | D:6      | Killed Grinder
  6458 | D:6      | Found a snail-covered altar of Cheibriados.
  6459 | D:6      | 6459 ||| Stepping ~*~*~tactically~*~*~ (stealth).
  6461 | D:6      | 6461 ||| Stepping ~*~*~tactically~*~*~ (stealth).
  6463 | D:6      | 6463 ||| Stepping ~*~*~tactically~*~*~ (stealth).
  6488 | D:6      | 6488 ||| Stepping ~*~*~tactically~*~*~ (stealth).
  6510 | D:6      | 6510 ||| Stepping ~*~*~tactically~*~*~ (stealth).
  6539 | D:6      | Killed Edmund
  6540 | D:6      | Reached skill level 9 in Unarmed Combat
  6769 | D:6      | 6769 ||| Stepping ~*~*~tactically~*~*~ (hiding).
  6781 | D:6      | 6781 ||| Stepping ~*~*~tactically~*~*~ (outnumbered).
  6789 | D:6      | HP: 10/68 [orc priest/divine providence (13)]
  7057 | D:6      | Found a staircase to the Ecumenical Temple.
  7058 | D:6      | 7058 ||| PLANNING TEMPLE
  7058 | D:6      | 7058 ||| DROPPING +2 leather armour of fire resistance.
  7059 | D:6      | 7059 ||| UPGRADING to +2 scale mail of cold resistance.
  7069 | D:6      | 7069 ||| DROPPING +0 ring mail.
  7070 | D:6      | 7070 ||| UPGRADING to +0 chain mail.
  7088 | Temple   | Entered the Ecumenical Temple
  7092 | Temple   | 7092 ||| PLANNING D:1-11
  7336 | D:6      | HP: 15/68 [steam dragon/ball of steam (5)]
  7339 | D:6      | HP: 6/68 [steam dragon (9)]
  7340 | D:6      | Slain by a steam dragon

Levels and vault maps discovered:
D:1:      lightli_arrival_statue_moat, layout_loops_ring
D:2:      layout_rooms, nrook_mini_vaults, chequers_hall_statues_y
D:3:      layout_loops_ring, serial_forest, infiniplex_forest_lined_corner,
          infiniplex_forest_straight_2, infiniplex_forest_straight_3,
          infiniplex_forest_clump_small, infiniplex_forest_clump_small,
          ebering_ecumenical_altar_mist, uniq_sigmund, uniq_crazy_yiuf_cottage
D:4:      layout_basic, mainiacjoe_overflow_six_doors_small, serial_shops,
          nicolae_shop_trees
D:5:      layout_basic, lemuel_old_faithful
D:6:      layout_basic, slow_altar_1, minmay_temple_entry_stoned_glass,
          uniq_grinder, uniq_edmund
Temple:   sentei_temple_godly_chess

Skill      XL: |  1  2  3  4  5  6  7  8 |
---------------+-------------------------+-----
Unarmed Combat | 1 2 3 5 6 8 9 |  9.6
Fighting       | 1 2 3 5 |  5.1
Throwing       | 1 |  1.8
Armour         | 2 |  2.1
Dodging        | |  1.7
Stealth        | |  2.1
Spellcasting   | |  1.7
Conjurations   | |  0.7
Fire Magic     | |  2.4

Action                   |  1- 3 |  4- 6 |  7- 9 || total
-------------------------+-------+-------+-------++-------
Melee: Unarmed           |   150 |   163 |   186 ||   499
       Punch             |     1 |     5 |    14 ||    20
Throw: Boomerang         |       |    29 |    28 ||    57
  Use: Scroll            |     2 |    10 |     2 ||    14
       Potion            |       |     4 |     2 ||     6
Armor: Robe              |    17 |       |       ||    17
       Leather armour    |    11 |    54 |     9 ||    74
       Ring mail         |       |       |    39 ||    39
       Chain mail        |       |       |    14 ||    14
Dodge: Dodged            |    91 |    86 |    52 ||   229

Table legend:
 A = Non-vault XP
 B = Vault XP
 C = Vault XP percentage of total XP
 D = Non-vault monster count
 E = Vault monster count
 F = Vault count percentage of total count
                 A         B        C        D         E       F
            +---------+---------+-------+---------+---------+-------
      Total |    1530 |     662 |  30.2 |      86 |       4 |   4.4
            +---------+---------+-------+---------+---------+-------
        D:1 |      45 |       0 |   0.0 |      26 |       0 |   0.0
        D:2 |      70 |       0 |   0.0 |      18 |       0 |   0.0
        D:3 |      38 |     214 |  84.9 |       8 |       1 |  11.1
        D:4 |      24 |       0 |   0.0 |       8 |       0 |   0.0
        D:5 |     642 |       0 |   0.0 |      14 |       0 |   0.0
        D:6 |     711 |     448 |  38.7 |      12 |       3 |  20.0
            +---------+---------+-------+---------+---------+-------
